 Dungeon Crawl Stone Soup version 0.23-a0-321-g6bcb69f (webtiles) character file.

284 iamserjio the Digger (level 6, 0/32 HPs)
             Began as a Deep Elf Earth Elementalist on Oct 15, 2018.
             Slain by a hippogriff (7 damage)
             ... on level 3 of the Dungeon.
             The game lasted 00:04:39 (2638 turns).

iamserjio the Digger (Deep Elf Earth Elementalist)  Turns: 2638, Time: 00:04:39

Health: 0/32       AC:  3    Str:  5    XL:     6   Next: 7%
Magic:  7/14       EV: 14    Int: 22    God:
Gold:   122        SH:  0    Dex: 15    Spells: 8/14 levels left

rFire    . . .     SeeInvis +   h - +2 quarterstaff (chaos)
rCold    . . .     Gourm    .   (shield currently unavailable)
rNeg     . . .     Faith    .   c - +0 robe
rPois    .         Spirit   .   (no helmet)
rElec    .         Reflect  .   i - +0 cloak
rCorr    .         Harm     .   (no gloves)
MR       .....                  (no boots)
Stlth    +++.......             (no amulet)
HPRegen  0.10/turn              e - ring of see invisible
MPRegen  0.14/turn              f - ring of stealth

@: no status effects
A: no striking features
a: no special abilities


You were on level 3 of the Dungeon.
You were not hungry.

You visited 1 branch of the dungeon, and saw 3 of its levels.

You collected 122 gold pieces.

Inventory:

Hand Weapons
 h - a +2 quarterstaff of chaos (weapon)
 v - a +1 dagger of venom
Missiles
 b - 91 stones (quivered)
 j - 36 arrows
Armour
 c - a +0 robe (worn)
 i - a +0 cloak (worn)
Jewellery
 e - a ring of see invisible (left hand)
 f - a ring of stealth (right hand)
 q - an uncursed ring of ice {unknown}
Wands
 t - a wand of disintegration (18)
Scrolls
 g - a scroll of remove curse {unknown}
 k - 3 scrolls of magic mapping {unknown}
 l - a scroll of enchant weapon {unknown}
 o - a scroll of immolation {unknown}
 p - a scroll of fog {unknown}
 r - a scroll of identify {unknown}
 s - a scroll of amnesia {unknown}
 u - a scroll of noise {unknown}
Potions
 m - a potion of magic {unknown}
 n - a potion of lignification {unknown}
Comestibles
 a - 2 chunks of flesh
 d - 6 rations


   Skills:
 + Level 4.1 Dodging
 - Level 2.4 Stealth
 + Level 4.6 Spellcasting
 + Level 2.2 Conjurations
 - Level 1.1 Transmutations
 * Level 5.5 Earth Magic


You had 8 spell levels left.
You knew the following spells:

 Your Spells              Type           Power        Failure   Level  Hunger
a - Sandblast             Erth           ####..       1%          1    None
b - Stone Arrow           Conj/Erth      ###...       6%          3    ##.....
c - Passwall              Tmut/Erth      ###.....     4%          2    None

Your spell library contained the following spells:

 Spells                   Type           Power        Failure   Level  Hunger
 Petrify                  Tmut/Erth      ###.....     26%         4    ####...
 Lee's Rapid Deconstruct  Erth           ####......   30%         5    #####..


Dungeon Overview and Level Annotations

Branches:
Dungeon (3/15)

Altars:
Cheibriados


Message History

Aim: a hippogriff (moderately wounded)
The blast of sand hits the hippogriff.
b - 93 stones The hippogriff bites you!
The hippogriff barely misses you. x2
Casting: Sandblast (safe; 1% risk of failure)
Aiming: Sandblast (safe; 1% risk of failure)
Aim: a hippogriff (severely wounded)
The blast of sand hits the hippogriff.
b - 92 stones The hippogriff bites you!
The hippogriff closely misses you. The hippogriff barely misses you.
Casting: Sandblast (safe; 1% risk of failure)
Aiming: Sandblast (safe; 1% risk of failure)
Aim: a hippogriff (severely wounded)
The blast of sand hits the hippogriff.
b - 91 stones The hippogriff bites you.
* * * LOW HITPOINT WARNING * * *
The hippogriff pecks you!
You die...

.#......[..........
.#..##.###.#####.#.
...........# ...
##.........# ...
##....##.## ...
##.#.##.# #.# #.#.##.#
#.# #.#.##.# #H#
#......# ##@## ###.####
##...## #.# ##.....##
##.## ##.......##
#####)..####.........#
...........')........+
#####...####รท........#
#....## ##.......##
#.#### ##.....##


You could see a hippogriff.

Vanquished Creatures
  A bullfrog (D:2)
  3 orc priests (D:3)
  Crazy Yiuf (D:2)
  4 adders
  An ooze (D:1)
  3 dart slugs
  A worm (D:3)
  4 leopard geckos
  4 orcs
  A ball python (D:3)
  4 bats
  5 goblins
  4 hobgoblins
  4 jackals
  2 quokkas (D:3)
  6 frilled lizards
  6 kobolds
  4 rats
58 creatures vanquished.

Notes
Turn   | Place    | Note
-------+----------+-------------------------------------------
     0 | D:1      | iamserjio the Deep Elf Earth Elementalist began the quest
                  | for the Orb.
     0 | D:1      | Reached XP level 1. HP: 10/10 MP: 6/6
   310 | D:1      | Reached XP level 2. HP: 15/15 MP: 6/8
  1040 | D:2      | Reached skill level 4 in Earth Magic
  1040 | D:2      | Reached XP level 3. HP: 19/19 MP: 7/10
  1077 | D:2      | Learned a level 3 spell: Stone Arrow
  1077 | D:2      | Noticed a bullfrog
  1081 | D:2      | Killed a bullfrog
  1081 | D:2      | Reached skill level 1 in Conjurations
  1081 | D:2      | Reached XP level 4. HP: 24/24 MP: 8/12
  1090 | D:2      | Found a snail-covered altar of Cheibriados.
  1194 | D:2      | Found a runed door.
  1198 | D:2      | Noticed Crazy Yiuf
  1200 | D:2      | Killed Crazy Yiuf
  1428 | D:2      | Reached XP level 5. HP: 22/28 MP: 13/13
  1656 | D:2      | Learned a level 2 spell: Passwall
  1708 | D:3      | Reached skill level 5 in Earth Magic
  2357 | D:3      | Reached XP level 6. HP: 26/32 MP: 6/14
  2632 | D:3      | Noticed a hippogriff
  2638 | D:3      | Slain by a hippogriff

Vault maps used:
D:1:      dpeg_arrival_radiant
D:2:      kennysheep_slug_shrine, serial_bayou_lake_a, uniq_crazy_yiuf_cottage

Skill      XL: |  1  2  3  4  5 |
---------------+----------------+-----
Dodging        | 3 4 |  4.1
Earth Magic    | 4 5 |  5.5
Spellcasting   | 4 |  4.6
Conjurations   | 1 2 |  2.2
Stealth        | |  2.4
Transmutations | |  1.1

Action                   |  1- 3 |  4- 6 || total
-------------------------+-------+-------++-------
Melee: Quarterstaff      |       |    61 ||    61
 Cast: Sandblast         |    29 |    24 ||    53
       Stone Arrow       |       |    11 ||    11
 Stab: Sleeping          |       |     7 ||     7
       Distracted        |       |     1 ||     1
  Eat: Chunk             |       |     6 ||     6
Armor: Robe              |     2 |    10 ||    12
Dodge: Dodged            |     4 |    50 ||    54

Table legend:
 A = Non-vault XP
 B = Vault XP
 C = Vault XP percentage of total XP
 D = Non-vault monster count
 E = Vault monster count
 F = Vault count percentage of total count
                 A         B        C        D         E       F
            +---------+---------+-------+---------+---------+-------
      Total |     364 |      43 |  10.6 |      56 |       2 |   3.4
            +---------+---------+-------+---------+---------+-------
        D:1 |      32 |       0 |   0.0 |      15 |       0 |   0.0
        D:2 |     126 |      43 |  25.4 |      14 |       2 |  12.5
        D:3 |     206 |       0 |   0.0 |      27 |       0 |   0.0
            +---------+---------+-------+---------+---------+-------
